 Dungeon Crawl Stone Soup version 0.29.0-4-gdea44cf6ec (webtiles) character file.

Game seed: 6268469563021438165

48 qw the Chopper (level 3, 0/21 HPs)
             Began as a Tengu Warper on Aug 28, 2022.
             Succumbed to an adder's poison
             ... on level 2 of the Dungeon.
             The game lasted 00:00:08 (1261 turns).

qw the Chopper (Tengu Warper)                       Turns: 1261, Time: 00:00:08

Health: 0/21       AC:  3    Str: 12 (13) XL:     3   Next: 72%
Magic:  7/7        EV: 11    Int: 10 (13) God:
Gold:   106        SH:  5    Dex: 10 (13) Spells: 6/6 levels left

rFire   . . .      SeeInvis .   Y - +0 hand axe
rCold   . . .      Faith    .   (no shield)
rNeg    . . .      Spirit   .   b - +0 leather armour
rPois   .          Reflect  +   (helmet restricted)
rElec   .          Harm     .   (no cloak)
rCorr   .          Rampage  .   (no gloves)
Will    .....                   (boots unavailable)
Stlth   +.........              d - amulet of reflection
HPRegen 0.07/turn               (no ring)
MPRegen 0.10/turn               (no ring)

@: lethally poisoned (0 -> -12)
A: beak, talons 3
a: no special abilities


You were on level 2 of the Dungeon.
You visited 1 branch of the dungeon, and saw 2 of its levels.

You collected 106 gold pieces.


Innate Abilities, Weirdness & Mutations

You have a beak for a mouth.
You have claws for feet.


   Skills:
 - Level 2.0 Fighting
 + Level 4.3 Axes
 - Level 1.0 Throwing
 - Level 1.1 Armour
 - Level 2.1 Dodging
 - Level 2.0 Spellcasting
 - Level 2.4 Translocations


You had 6 spell levels left.
You didn't know any spells.
Your spell library contained the following spells:

 Spells                   Type           Power      Damage    Failure   Level
 Blink                    Tloc           10%        N/A       22%         2
 Gell's Gravitas          Tloc           5%         N/A       41%         3
 Lesser Beckoning         Tloc           5%         N/A       41%         3
 Teleport Other           Tloc           5%         N/A       41%         3
 Manifold Assault         Tloc           5%         N/A       99%         5

Inventory:

Hand Weapons
 h - a +0 club
 Y - a +0 hand axe (weapon)
Armour
 b - a +0 leather armour (worn)
Jewellery
 d - an amulet of reflection (around neck)
Scrolls
 a - 2 scrolls of identify {unknown}

Dungeon Overview and Level Annotations

Branches:
Dungeon (2/15)

Altars:


Message History

The ball python constricts you.
You hit the ball python.
You kill the ball python!
You start resting.
HP restored.
a - 2 scrolls labelled BEDOLOSHRUAL You now have 106 gold pieces (gained 14).
An adder comes into view.
The adder hisses angrily.
A rat comes into view.
The adder bites you.
You are poisoned.
The adder poisons you!
You barely miss the adder. Your kick misses the adder.
You feel sick. The adder bites you.
You are more poisoned.
The adder poisons you!
You miss the adder. Your kick misses the adder. Your punch misses the adder.
You feel very sick. The adder barely misses you.
You barely miss the adder. Your peck misses the adder.
You feel sick. You block the adder's attack. The adder closely misses you.
You hit the adder.
The adder is severely wounded.
You feel sick. You block the adder's attack.
You hit the adder but do no damage.
The adder is severely wounded.
You feel sick. The adder bites you.
You are lethally poisoned!
The adder poisons you! The adder bites you.
You are more poisoned.
The adder poisons you!
You miss the adder.
The adder is severely wounded.
You feel very sick. The adder completely misses you.
You hit the adder. Your kick misses the adder.
The adder is severely wounded.
You hit the rat.
You die...

....### ....... ###.
....# #... ..(.# ...
..#.# ##.. #...#### #..
##.....#### #.#
##.##....######.#
#..####.......@#.
##............rS......
......#########.........
........ ..........
#####.### ..#.##.....
#.. .....# #.... ##.#
.#.#### .... .. .#.. ...
##.


You could see an adder and a rat.

Vanquished Creatures
  An adder (D:1)
  6 ball pythons
  3 endoplasms (D:1)
  2 giant cockroaches (D:1)
  5 hobgoblins
  4 jackals (D:1)
  4 kobolds (D:1)
  A quokka (D:1)
  A bat (D:1)
  2 frilled lizards (D:1)
  7 rats
36 creatures vanquished.

Notes
Turn   | Place    | Note
-------+----------+-------------------------------------------
     0 | D:1      | qw the Tengu Warper began the quest for the Orb.
     0 | D:1      | Reached XP level 1. HP: 12/12 MP: 4/4
     0 | D:1      | 0 ||| qw: Version: 0.1-a-89-g26bdef1
     0 | D:1      | 0 ||| qw: Game counter: 1728
     0 | D:1      | 0 ||| qw: Always use a shield: true
     0 | D:1      | 0 ||| qw: God list: Okawaru
     0 | D:1      | 0 ||| qw: Allow faded altars: false
     0 | D:1      | 0 ||| qw: Do Orc after D:15 true
     0 | D:1      | 0 ||| qw: Do second Lair branch before Depths: true
     0 | D:1      | 0 ||| qw: Lair rune preference: random
     0 | D:1      | 0 ||| qw: Plans: Normal
     0 | D:1      | 0 ||| PLANNING D:1-11
    55 | D:1      | 55 ||| Stepping ~*~*~tactically~*~*~ (stealth).
    57 | D:1      | 57 ||| Stepping ~*~*~tactically~*~*~ (stealth).
    59 | D:1      | 59 ||| Stepping ~*~*~tactically~*~*~ (stealth).
    81 | D:1      | Reached skill level 3 in Axes
    81 | D:1      | Reached XP level 2. HP: 10/17 MP: 6/6
   282 | D:1      | 282 ||| Stepping ~*~*~tactically~*~*~ (stealth).
   286 | D:1      | 286 ||| Stepping ~*~*~tactically~*~*~ (stealth).
   306 | D:1      | 306 ||| Stepping ~*~*~tactically~*~*~ (stealth).
   308 | D:1      | 308 ||| Stepping ~*~*~tactically~*~*~ (stealth).
   433 | D:1      | 433 ||| Stepping ~*~*~tactically~*~*~ (stealth).
   436 | D:1      | 436 ||| Stepping ~*~*~tactically~*~*~ (stealth).
   603 | D:1      | Found a faded altar of an unknown god.
   614 | D:1      | Reached XP level 3. HP: 21/21 MP: 7/7
   958 | D:1      | Reached skill level 4 in Axes
   974 | D:1      | 974 ||| UPGRADING to amulet of reflection.
   979 | D:1      | 979 ||| READING scroll labelled YSUETHR ZOWUREO.
   980 | D:1      | 980 ||| READING scroll labelled PIKUOS SEOWKON.
   981 | D:1      | 981 ||| DRINKING 2 ruby potions.
   982 | D:1      | 982 ||| DROPPING scroll of blinking.
   983 | D:1      | 983 ||| DROPPING potion of degeneration.
   989 | D:2      | 989 ||| STAIRDANCE
  1024 | D:2      | 1024 ||| STAIRDANCE
  1108 | D:2      | 1108 ||| STAIRDANCE
  1178 | D:2      | 1178 ||| STAIRDANCE
  1260 | D:2      | HP: 3/21 [poisoned by an adder]
  1261 | D:2      | Succumbed to an adder's poison

Levels and vault maps discovered:
D:1:      saegor_arrival_fortress, layout_basic,
          ebering_ecumenical_altar_abandoned, minmay_misc_feat_hallway
D:2:      layout_rooms, serial_shops, nicolae_shop_behind_doors,
          wad_floor_pattern_untrapped, uniq_robin, uniq_sigmund

Skill      XL: |  1  2  3 |
---------------+----------+-----
Axes           | 3 4 |  4.3
Fighting       | |  2.0
Throwing       | |  1.0
Armour         | |  1.1
Dodging        | |  2.1
Spellcasting   | |  2.0
Translocations | |  2.4

Action                   || total
-------------------------++-------
Melee: Hand axe          ||    93
       Kick              ||    14
       Peck              ||    13
Throw: Boomerang         ||     7
  Use: Scroll            ||     2
       Potion            ||     1
Armor: Leather armour    ||    17
Dodge: Dodged            ||    57
Block: Other             ||     8

Table legend:
 A = Non-vault XP
 B = Vault XP
 C = Vault XP percentage of total XP
 D = Non-vault monster count
 E = Vault monster count
 F = Vault count percentage of total count
                 A         B        C        D         E       F
            +---------+---------+-------+---------+---------+-------
      Total |      69 |       0 |   0.0 |      36 |       0 |   0.0
            +---------+---------+-------+---------+---------+-------
        D:1 |      65 |       0 |   0.0 |      33 |       0 |   0.0
        D:2 |       4 |       0 |   0.0 |       3 |       0 |   0.0
            +---------+---------+-------+---------+---------+-------
